 Dungeon Crawl Stone Soup version 0.30-a0-739-gea05faddec (webtiles) character file.

Game seed: 15884240445452022937

1238 Newt the Slicer (level 8, -4/60 HPs)
             Began as a Demonspawn Gladiator on Feb 4, 2023.
             Killed from afar by a steam dragon (13 damage)
             ... with a ball of steam
             ... on level 7 of the Dungeon.
             The game lasted 00:04:30 (4300 turns).

Newt the Slicer (Demonspawn Gladiator)              Turns: 4300, Time: 00:04:30

Health: -4/60      AC:  6    Str: 12    XL:     8   Next: 25%
Magic:  8/8        EV: 12    Int: 16    God:
Gold:   320        SH:  5    Dex: 14    Spells: 7/7 levels left

rFire   . . .      SeeInvis .    w - +10 rapier of Puch {heavy, rN+ Will+ Str-5 Int+6}
rCold   . . .      Faith    .    (no shield)
rNeg    + . .      Spirit   .    b - +1 leather armour
rPois   +          Reflect  +    c - +0 helmet
rElec   .          Harm     .    q - +0 cloak
rCorr   .          Rampage  .    (no gloves)
Will    +....                    (no boots)
Stlth   ++                       i - amulet of reflection
HPRegen 0.30/turn                r - ring of poison resistance
MPRegen 0.11/turn                (no ring)

@: no status effects
A: hooves 1, demonic magic 2
a: no special abilities


You were on level 7 of the Dungeon.
You visited 1 branch of the dungeon, and saw 6 of its levels.

You collected 320 gold pieces.

Inventory:

Hand Weapons
 a - a +1 rapier
 w - the +10 rapier of Puch (weapon) {heavy, rN+ Will+ Str-5 Int+6}
   (You found it on level 3 of the Dungeon)

   Str:       It affects your strength (-5).
   Int:       It affects your intelligence (+6).
   rN:        It protects you from negative energy.
   Will:      It increases your willpower.
Missiles
 d - 2 throwing nets (quivered)
 e - a javelin
 m - 9 boomerangs
 n - 44 stones
 z - 5 poisoned darts
Armour
 b - a +1 leather armour (worn)
 c - a +0 helmet (worn)
 q - a +0 cloak (worn)
Jewellery
 i - an amulet of reflection (around neck)
 r - a ring of poison resistance (left hand)
Wands
 x - a wand of polymorph (1)
Scrolls
 k - a scroll of blinking
 o - 2 scrolls of teleportation
 u - 2 scrolls of amnesia
Potions
 f - 2 potions of haste
 g - 3 potions of cancellation
 h - a potion of brilliance
 j - a potion of magic
 l - 2 potions of attraction
 p - 2 potions of ambrosia
 s - a potion of flight
 t - a potion of invisibility
 v - a potion of lignification {unknown}


   Skills:
 - Level 4.0 Fighting
 + Level 8.8 Short Blades
 - Level 1.7 Throwing
 - Level 2.6 Dodging
 - Level 1.5 Stealth


You had 7 spell levels left.
You didn't know any spells.
Your spell library was empty.

Dungeon Overview and Level Annotations

Branches:
Dungeon (5/15)
 Temple: D:4-7

Altars:
Nemelex Xobeh
Ru
Sif Muna

Shops:
D:3 (


Innate Abilities, Weirdness & Mutations

You have large cloven feet.
Spells you cast may paralyse nearby enemies.


Message History

You kick the white imp, but do no damage.
The white imp is moderately wounded.
The white imp misses you.
The white imp shouts, "Fly, thou venomed ditch-delivered haggard!"
The white imp hits you but does no damage.
You puncture the white imp!
You kill the white imp!
You closely miss the steam dragon. Your kick misses the steam dragon.
The steam dragon closely misses you. The steam dragon claws you.
You puncture the steam dragon!
You kick the steam dragon, but do no damage.
You punch the steam dragon, but do no damage.
The steam dragon is moderately wounded.
The steam dragon barely misses you. The steam dragon closely misses you.
You hit the steam dragon but do no damage.
The steam dragon is moderately wounded.
A necrophage comes into view.
The steam dragon breathes steam at you. The ball of steam hits you!
Found a dagger.
You are engulfed in a cloud of scalding steam.
You see here a black bear corpse.
The steam dragon attacks as you move away!
The steam dragon misses you. You block the steam dragon's attack.
You closely miss the steam dragon. Your kick misses the steam dragon.
The steam dragon is moderately wounded.
The steam dragon bites you!
* * * LOW HITPOINT WARNING * * *
The steam dragon barely misses you.
You puncture the steam dragon! You kick the steam dragon.
The steam dragon is almost dead.
The steam dragon bites you!
* * * LOW HITPOINT WARNING * * *
You block the steam dragon's attack.
You hit the steam dragon.
You kick the steam dragon, but do no damage.
The steam dragon is almost dead.
The steam dragon breathes steam at you. The ball of steam hits you!
You die...

#..# ..# #..#
#.# #..# ####
#..# .. #.†# .
#..####### )#
#......... #.#
#..##.#..##n##
#..#.## #@#.#
#....## ##D#§###
#..#..###.#.#..
#..#.#..#.§#[#
#...#..##§§.#.#
#...#..#...§.#.#
#...#.#.#..#.#.#
#......##.##...#
#.....#...# .#..


You could see a steam dragon (catching breath) and a necrophage.

Vanquished Creatures
  Grinder (D:4)
  Sigmund (D:3)
  Menkaure (D:4)
  A water moccasin (D:5)
  A black bear (D:7)
  A sky beast (D:7)
  A phantom (D:5)
  Blork the orc (D:4)
  4 hounds
  An orc priest (D:5)
  2 orc wizards (D:5)
  An iguana (D:4)
  4 adders
  A white imp (D:7)
  2 dart slugs
  6 orcs
  7 ball pythons
  2 bats
  9 endoplasms
  5 giant cockroaches
  5 goblins
  A hobgoblin (D:1)
  2 quokkas
  8 frilled lizards
  7 kobolds
  3 rats
78 creatures vanquished.

Vanquished Creatures (others)
  A plant (D:1)
  8 withered plants (D:1)
9 creatures vanquished.

Grand Total: 87 creatures vanquished

Notes
Turn   | Place    | Note
-------+----------+-------------------------------------------
     0 | D:1      | Newt the Demonspawn Gladiator began the quest for the Orb.
     0 | D:1      | Reached XP level 1. HP: 16/16 MP: 1/1
    54 | D:1      | Reached skill level 1 in Stealth
   194 | D:1      | Gained mutation: Spells you cast may paralyse adjacent
                  | enemies. [demonic ancestry]
   194 | D:1      | Reached XP level 2. HP: 22/22 MP: 2/2
   308 | D:1      | Found a faded altar of an unknown god.
  1142 | D:2      | Found a sparkling altar of Nemelex Xobeh.
  1229 | D:2      | Reached XP level 3. HP: 29/29 MP: 3/3
  1837 | D:3      | Found Loras's Weapon Shoppe.
  2086 | D:3      | Found a shimmering blue altar of Sif Muna.
  2447 | D:3      | Identified the +10 rapier of Puch {heavy, rN+ Will+ Str-5
                  | Int+6}
  2471 | D:3      | Noticed Sigmund
  2475 | D:3      | Killed Sigmund
  2476 | D:3      | Reached skill level 4 in Short Blades
  2476 | D:3      | Gained mutation: Spells you cast may paralyse nearby
                  | enemies. [demonic ancestry]
  2476 | D:3      | Reached XP level 4. HP: 37/37 MP: 4/4
  2476 | D:3      | Reached XP level 5. HP: 42/42 MP: 5/5
  2769 | D:4      | Reached skill level 5 in Short Blades
  2769 | D:4      | Reached XP level 6. HP: 48/48 MP: 6/6
  2850 | D:4      | Noticed Blork the orc
  2858 | D:4      | Killed Blork the orc
  2958 | D:4      | Noticed Grinder
  2967 | D:4      | Paralysed by Grinder for 4 turns
  2973 | D:4      | Killed Grinder
  2974 | D:4      | Reached skill level 6 in Short Blades
  2974 | D:4      | Gained mutation: You have large cloven feet. [demonic
                  | ancestry]
  2974 | D:4      | Reached XP level 7. HP: 31/54 MP: 7/7
  3097 | D:4      | Noticed Menkaure
  3104 | D:4      | Killed Menkaure
  3105 | D:4      | Reached skill level 7 in Short Blades
  3894 | D:5      | Entered Level 5 of the Dungeon
  3945 | D:5      | Reached skill level 8 in Short Blades
  3945 | D:5      | Reached XP level 8. HP: 29/60 MP: 8/8
  4197 | D:5      | Identified the +2 chain mail of Cocytus {Dex+5 Slay-4}
  4246 | D:5      | You fall into a shaft and drop 2 floors!
  4246 | D:7      | Found a sacrificial altar of Ru.
  4300 | D:7      | Killed from afar by a steam dragon

Illustrated notes

Levels and vault maps discovered:
D:1:      evilmike_arrival_hilbert_curve, layout_basic,
          shapermc_ecumenical_altar_flowoftime,
          wander_ebering_terrifying_dragon_lair
D:2:      layout_basic, basic_altar
D:3:      layout_loops_ring, overflow_temple_1_default, serial_shops,
          nicolae_shop_trees, minmay_fractal_squares_diagonal_5, uniq_sigmund
D:4:      layout_basic, uniq_grinder, uniq_blork_the_orc, uniq_menkaure
D:5:      layout_basic
D:7:      layout_gridville, nicolae_overflow_hidden_temple,
          hangedman_decor_diamond_cutter, minmay_misc_feat_tower,
          minmay_shattered_shrine

Skill      XL: |  1  2  3  4  5  6  7 |
---------------+----------------------+-----
Stealth        | 1 |  1.5
Fighting       | 3 4 |  4.0
Short Blades   | 4 5 6 8 |  8.8
Throwing       | |  1.7
Dodging        | |  2.6

Action                     |  1- 3 |  4- 6 |  7- 9 || total
---------------------------+-------+-------+-------++-------
  Melee: Rapier            |   134 |    33 |    45 ||   212
         Kick              |       |       |     9 ||     9
         Punch             |       |       |     1 ||     1
  Throw: Throwing net      |       |       |     1 ||     1
    Use: Scroll            |     9 |     2 |     5 ||    16
         Potion            |       |       |     3 ||     3
   Stab: Sleeping          |     4 |     1 |     2 ||     7
         Held in net/web   |       |       |     1 ||     1
 Armour: Leather armour    |    41 |     9 |    12 ||    62
  Dodge: Dodged            |    66 |    22 |    19 ||   107
  Block: Other             |    31 |    14 |    13 ||    58

Table legend: (Time is in decaauts)
 A = Elapsed time spent in this place.
 B = Non-inter-level travel time spent in this place.
 C = Inter-level travel time spent in this place.
 D = Time resting spent in this place.
 E = Time spent auto-exploring this place.
 F = Levels seen in this place.
 G = Mean time per level.
                   A        B        C        D        E       F      G
               +--------+--------+--------+--------+--------+-----+--------+
         Total |   4329 |   4036 |    293 |    249 |   3159 |   6 |  721.5 |
       Dungeon |   4329 |   4036 |    293 |    249 |   3159 |   6 |  721.5 |
               +--------+--------+--------+--------+--------+-----+--------+

Top non-repeatable levels by time:
     D:4: 1143 daAuts
     D:1: 1020 daAuts
     D:3: 934 daAuts
     D:2: 818 daAuts
     D:5: 356 daAuts
     D:7: 55 daAuts
